 Dungeon Crawl Stone Soup version 0.18-a0-1157-g59db91b (webtiles) character file.

1412 st0uf the Changer (level 8, -1/66 HPs)
             Began as a White Draconian Transmuter on Jan 23, 2016.
             Was a Priest of Vehumet.
             Succumbed to a water moccasin's poison
             ... on level 4 of the Dungeon.
             The game lasted 00:33:43 (5673 turns).

st0uf the Changer (White Draconian Transmuter)      Turns: 5673, Time: 00:33:43

Health: -1/66      AC:  8    Str: 13    XL:     8   Next: 43%
Magic:  11/11      EV: 14    Int: 21    God:    Vehumet [***...]
Gold:   440        SH:  0    Dex: 11    Spells: 3 memorised, 5 levels left

rFire  . . .     SeeInvis .       - Unarmed
rCold  + . .     Gourm    .     (armour unavailable)
rNeg   . . .     Faith    .     (no shield)
rPois  .         Spirit   .     (helmet restricted)
rElec  .         Dismiss  .     C - +0 cloak
rCorr  +         Reflect  .     d - +0 pair of gloves
SustAt .         Harm     .     (no boots)
MR     .....                    (no amulet)
Stlth  +.........               w - ring of resist corrosion
                                (no ring)

@: brilliant, lethally poisoned (-1 -> -21), short of breath, not resistant to
hostile enchantments, very unstealthy
A: breathe frost, unfitting armour, cold resistance 1, cold-blooded, AC +6
a: Breathe Frost, Renounce Religion


You were on level 4 of the Dungeon.
You worshipped Vehumet.
Vehumet was most pleased with you.
You were hungry.

You visited 1 branch of the dungeon, and saw 5 of its levels.

You collected 440 gold pieces.

Inventory:

Missiles
 a - 62 arrows
Armour
 d - a +0 pair of gloves (worn)
 C - a +0 cloak (worn)
Jewellery
 p - an uncursed ring of teleportation
 w - a ring of resist corrosion (right hand)
Wands
 o - a wand of flame (29/48)
 y - a wand of magic darts (14/48)
 B - a wand of paralysis (11/24)
 D - a wand of magic darts (21/48)
Scrolls
 e - a scroll of remove curse
 f - 6 scrolls of identify
 g - 2 scrolls of fog
 j - a scroll of magic mapping
 u - a scroll of recharging {unknown}
 E - a scroll of enchant weapon {unknown}
 F - a scroll of teleportation
Potions
 i - a potion of berserk rage
 s - a potion of flight {unknown}
 t - a potion of mutation {unknown}
 x - a potion of ambrosia {unknown}
Books
 b - a book of Changes

   Spells                             Type                      Level
   a - Beastly Appendage              Transmutation                1
   b - Sticks to Snakes               Transmutation                2
   c - Spider Form                    Transmutation/Poison         3
   d - Ice Form                       Ice/Transmutation            4
   e - Blade Hands                    Transmutation                5
 q - a book of the Dragon

   Spells                             Type                      Level
   a - Flame Tongue                   Conjuration/Fire             1
   b - Cause Fear                     Hexes                        4
   c - Bolt of Fire                   Conjuration/Fire             6
   d - Dragon Form                    Transmutation                7
   e - Dragon's Call                  Summoning                    9
 v - a book of Frost

   Spells                             Type                      Level
   a - Freeze                         Ice                          1
   b - Throw Frost                    Conjuration/Ice              2
   c - Ozocubu's Armour               Charms/Ice                   3
   d - Throw Icicle                   Conjuration/Ice              4
   e - Summon Ice Beast               Ice/Summoning                4
   f - Condensation Shield            Ice                          4
Comestibles
 c - 4 bread rations
 h - 2 slices of pizza
 A - a royal jelly


   Skills:
 + Level 4.0 Fighting
 + Level 5.7 Dodging
 + Level 5.3 Unarmed Combat
 - Level 2.0 Spellcasting
 * Level 6.1 Transmutations
 + Level 2.0 Poison Magic


You had 5 spell levels left.
You knew the following spells:

 Your Spells              Type           Power        Failure   Level  Hunger
a - Beastly Appendage     Trmt           #####.       1%          1    #......
b - Sticks to Snakes      Trmt           #####...     1%          2    ##.....
c - Spider Form           Trmt/Pois      ####......   1%          3    ###....


Dungeon Overview and Level Annotations

Branches:
Dungeon (5/15)
 Temple: D:4-7

Altars:
Trog
Vehumet
Beogh

Shops:
D:4 ?   D:5 *


Innate Abilities, Weirdness & Mutations

You can breathe waves of freezing cold.
You can buffet flying creatures when you breathe cold.
Your icy white scales are hard (AC +6).
Your body does not fit into most forms of armour.
Your flesh is cold resistant.
You are cold-blooded and may be slowed by cold attacks.


Message History

The water moccasin completely misses you.
Drink which item? (? for menu, Esc to quit)
It was a potion of cancellation.
Your magical effects are unravelling.
Your magical contamination has completely faded away.
You feel magically purged.
You feel yourself slow down.
You feel a little less agile now.
* * * LOW HITPOINT WARNING * * *
You feel sick. The water moccasin closely misses you.
Drink which item? (? for menu, Esc to quit)
It was a potion of brilliance.
You feel clever all of a sudden.
Your transformation has ended.
Your +0 cloak unmelds from your body.
Your +0 pair of gloves unmelds from your body.
* * * LOW HITPOINT WARNING * * *
You feel sick.
The water moccasin bites you but does no damage.
Drink which item? (? for menu, Esc to quit)
It was a potion of magic.
Magic courses through your body.
You die...

.#.#.### #.# #..# ##.....## #
.#.....# #.#####..# ##.......###
.....#.###........####.........##
.....................'.........'.
.....#.########...####.........##
.......# ##.## ##.......###
#####.## #.# ##.....## # #.# #.#
##...## # #.# #@# ##'## # #.# #S#
#.# ## #.# #.###### #.# #. #.#
#....>.# ##.## #. #.#
#.####รท###...## #. #.#
#.####.##.....# ## #####.#
#.#..S.###...## ......# #.#....#
##.###### #######
#......######.....


You could see a water moccasin.

Vanquished Creatures
  Sigmund (D:5)
  Eustachio (D:4)
  Edmund (D:4)
  A water moccasin (D:4)
  An ogre (D:5)
  A centaur (D:5)
  A big kobold (D:5)
  A scorpion (D:4)
  A crimson imp (D:4)
  A hound (D:4)
  3 orc priests
  A giant frog skeleton (D:4)
  2 orc wizards (D:4)
  Natasha (thrice) (D:4)
  Robin (D:3)
  8 gnolls
  7 adders
  An ooze (D:2)
  An adder skeleton (D:4)
  A worm (D:2)
  3 giant geckos
  2 orcs
  6 bats
  6 giant cockroaches
  35 goblins
  24 hobgoblins
  8 jackals
  2 quokkas (D:2)
  A giant gecko skeleton (D:4)
  A giant gecko zombie (D:3)
  2 giant newts (D:2)
  17 kobolds
  9 rats
154 creatures vanquished.

Vanquished Creatures (collateral kills)
  A ball python (D:4)
  3 goblins (D:5)
  2 hobgoblins (D:5)
6 creatures vanquished.

Grand Total: 160 creatures vanquished

Notes
Turn   | Place    | Note
--------------------------------------------------------------
     0 | D:1      | st0uf the Draconian Transmuter began the quest for the Orb.
     0 | D:1      | Reached XP level 1. HP: 16/16 MP: 3/3
   235 | D:1      | Reached XP level 2. HP: 20/23 MP: 1/5
  1000 | D:1      | Learned a level 2 spell: Sticks to Snakes
  1011 | D:2      | Reached XP level 3. HP: 24/28 MP: 0/6
  1187 | D:2      | Learned a level 3 spell: Spider Form
  1579 | D:2      | Reached XP level 4. HP: 32/35 MP: 5/7
  1803 | D:3      | Found a radiant altar of Vehumet.
  1812 | D:3      | Became a worshipper of Vehumet
  2192 | D:3      | Noticed Robin
  2193 | D:3      | Reached XP level 5. HP: 39/41 MP: 4/8
  2226 | D:3      | Killed Robin
  2764 | D:4      | Found a roughly hewn altar of Beogh.
  2770 | D:4      | Reached * piety under Vehumet
  2770 | D:4      | Offered knowledge of Shock by Vehumet.
  2954 | D:4      | Noticed Edmund
  2977 | D:4      | Killed Edmund
  2977 | D:4      | Reached skill level 4 in Unarmed Combat
  2977 | D:4      | Reached XP level 6. HP: 41/50 MP: 1/9
  3364 | D:4      | Noticed Eustachio
  3379 | D:4      | Killed Eustachio
  3379 | D:4      | Reached skill level 5 in Transmutations
  3379 | D:4      | Reached XP level 7. HP: 42/57 MP: 7/10
  3379 | D:4      | Your scales start taking on an icy white colour.
  3379 | D:4      | Gained mutation: Your flesh is cold resistant. [White Draconian growth]
  3444 | D:4      | Found Hihad's Magic Scroll Boutique.
  3509 | D:4      | Reached skill level 1 in Poison Magic
  3544 | D:4      | Noticed Natasha
  3566 | D:4      | Killed Natasha
  3858 | D:4      | Noticed Natasha
  3864 | D:4      | Killed Natasha
  3913 | D:4      | Noticed Natasha
  3924 | D:4      | Killed Natasha
  4106 | D:5      | Entered Level 5 of the Dungeon
  4363 | D:5      | Reached ** piety under Vehumet
  4363 | D:5      | Offered knowledge of Searing Ray by Vehumet.
  4539 | D:5      | Reached skill level 5 in Unarmed Combat
  4846 | D:5      | Found a bloodstained altar of Trog.
  4981 | D:5      | Offered knowledge of Inner Flame by Vehumet.
  4991 | D:5      | Reached skill level 5 in Dodging
  5058 | D:5      | Noticed Sigmund
  5108 | D:5      | Killed Sigmund
  5108 | D:5      | Reached XP level 8. HP: 45/66 MP: 7/11
  5399 | D:5      | Reached *** piety under Vehumet
  5425 | D:5      | Found Qedun's Serpentskin Sales.
  5434 | D:4      | Reached skill level 6 in Transmutations
  5671 | D:4      | HP: 3/66 [poisoned by a water moccasin]
  5672 | D:4      | HP: 1/66 [poisoned by a water moccasin]
  5673 | D:4      | Succumbed to a water moccasin's poison

Vault maps used:
D:1:      minmay_arrival_three_doors, kennysheep_small_spiral
D:3:      vehumet_altar_wand_db, uniq_robin
D:4:      serial_shops, shop, kennysheep_orc_chapel, uniq_eustachio,
          uniq_edmund, uniq_natasha
D:5:      minmay_goblin_kobold_castle, nicolae_overflow_hidden_temple,
          first_bread, guppyfry_shop_venom, uniq_prince_ribbit1, uniq_grinder,
          uniq_sigmund

Action                   |  1- 3 |  4- 6 |  7- 9 || total
-------------------------+-------+-------+-------++-------
Melee: Unarmed           |   134 |   174 |   179 ||   487
 Cast: Beastly Appendage |    26 |    17 |     7 ||    50
       Sticks to Snakes  |     1 |     4 |     4 ||     9
       Spider Form       |     2 |     8 |    11 ||    21
 Abil: Breathe Frost     |       |       |    11 ||    11
  Use: Scroll            |       |     7 |     2 ||     9
       Potion            |       |       |     5 ||     5
 Stab: Sleeping          |     2 |       |       ||     2
       Distracted        |       |     1 |     1 ||     2
  Eat: Chunk             |     3 |     7 |    10 ||    20
       Pizza             |       |       |     1 ||     1
